 Dungeon Crawl Stone Soup version 0.23.2-1-ga50397a6bc (webtiles) character file.

Game seed: 10533860206557282089

1089 Menchi the Poker (level 8, 0/74 HPs)
             Began as a Naga Wanderer on May 17, 2019.
             Slain by a hornet zombie (6 damage)
             ... on level 5 of the Dungeon.
             The game lasted 00:13:59 (5230 turns).

Menchi the Poker (Naga Wanderer)                    Turns: 5230, Time: 00:13:59

Health: 0/74       AC:  9    Str: 18    XL:     8   Next: 31%
Magic:  8/8        EV: 11    Int: 14    God:
Gold:   174        SH:  0    Dex: 13    Spells: 7/7 levels left

rFire    . . .     SeeInvis +   a - +0 spear
rCold    . . .     Gourm    .   (no shield)
rNeg     . . .     Faith    .   d - +0 robe
rPois    +         Spirit   .   z - +2 helmet
rElec    .         Reflect  .   u - +1 cloak
rCorr    .         Harm     +   v - +0 pair of gloves
MR       +....                  (no barding)
Stlth    ++........             e - amulet of harm
HPRegen  0.22/turn              j - +3 ring of intelligence
MPRegen  0.11/turn              x - +2 ring of strength

@: very slow
A: large, see invisible, deformed body, poison resistance, slowness 2, slow
metabolism 1, spit poison 1, AC +2
a: Spit Poison


You were on level 5 of the Dungeon.
You were not hungry.

You visited 1 branch of the dungeon, and saw 5 of its levels.

You collected 174 gold pieces.

Inventory:

Hand Weapons
 a - a +0 spear (weapon)
Armour
 b - a +0 shield
 d - a +0 robe (worn)
 s - a scarf of repulsion
 u - a +1 cloak (worn)
 v - a +0 pair of gloves (worn)
 z - a +2 helmet (worn)
Jewellery
 e - an amulet of harm (around neck)
 j - a +3 ring of intelligence (left hand)
 x - a +2 ring of strength (right hand)
Wands
 w - a wand of paralysis (3)
 y - a wand of digging (4)
Scrolls
 g - 2 scrolls of remove curse
 l - a scroll of enchant weapon {unknown}
 m - 2 scrolls of fog
 n - 3 scrolls of teleportation
 p - 2 scrolls of amnesia {unknown}
 q - 2 scrolls of magic mapping {unknown}
 r - a scroll of blinking {unknown}
Potions
 c - a potion of lignification
 h - a potion of flight
 i - a potion of might
 k - 2 potions of haste
 o - 2 potions of brilliance
 A - a potion of invisibility
 B - a potion of curing {unknown}
Comestibles
 f - 9 rations
 t - 7 chunks of flesh


   Skills:
 + Level 5.0 Fighting
 + Level 5.1 Polearms
   Level 1.7 Crossbows
 - Level 1.0 Armour
 + Level 3.9 Dodging
 - Level 1.5 Stealth
 + Level 4.0 Shields


You had 7 spell levels left.
You didn't know any spells.
Your spell library was empty.

Dungeon Overview and Level Annotations

Branches:
Dungeon (5/15)
 Temple: D:4-7

Altars:
Fedhas
Sif Muna
Trog


Innate Abilities, Weirdness & Mutations

You cannot wear boots.
Your serpentine skin is tough. (AC +2)
You have supernaturally acute eyesight. (SInv)
Armour fits poorly on your strangely shaped body.
Your system is resistant to poisons. (rPois)
You cover ground very slowly.
You have a slow metabolism.
You can spit poison.


Message History

Aim: a hornet zombie (moderately damaged)
The splash of poison hits the hornet zombie but does no damage.
The hornet zombie is moderately damaged.
You feel slightly more hungry. The hornet zombie barely misses you.
You hit the hornet zombie but do no damage.
The hornet zombie is moderately damaged.
The hornet zombie hits you.
* * * LOW HITPOINT WARNING * * *
You hit the hornet zombie but do no damage.
The hornet zombie is moderately damaged.
The hornet zombie hits you but does no damage.
You hit the hornet zombie.
The hornet zombie is moderately damaged.
The hornet zombie hits you!
* * * LOW HITPOINT WARNING * * *
You hit the hornet zombie but do no damage.
The hornet zombie is moderately damaged.
You have got your breath back.
The hornet zombie hits you.
You die...

# # ##. ######.####
##... ###..)......#
......#(.o.(Z......
#...<#Z####.##..
##..##@# # #.#. #.#
#. .. ..# # ##.....
######


You could see an orc wizard (invisible) and a hornet zombie.

Vanquished Creatures
  Grinder (D:3)
  Sigmund (D:3)
  A phantom (D:4)
  An ogre (D:4)
  Blork the orc (D:3)
  3 orc priests (D:4)
  4 orc wizards
  Jessica (D:3)
  Ijyb (D:3)
  Terence (D:3)
  A worker ant (D:4)
  Robin (D:4)
  5 adders
  An adder zombie (D:2)
  An adder skeleton (D:4)
  3 worms
  A dart slug (D:1)
  A leopard gecko (D:4)
  11 orcs
  3 ball pythons
  9 bats
  4 giant cockroaches
  16 goblins
  12 hobgoblins
  7 jackals
  9 kobolds
  A quokka (D:3)
  2 frilled lizards
  A jackal skeleton (D:2)
  2 leopard gecko skeletons (D:2)
  3 quokka skeletons
  A quokka zombie (D:2)
  11 rats
121 creatures vanquished.

Vanquished Creatures (others)
  An orc wizard (D:5)
  An orc (D:4)
2 creatures vanquished.

Grand Total: 123 creatures vanquished

Notes
Turn   | Place    | Note
-------+----------+-------------------------------------------
     0 | D:1      | Menchi the Naga Wanderer began the quest for the Orb.
     0 | D:1      | Menchi set off with the following items: a +0 spear, a +0
                  | shield, a potion of lignification, a +0 robe, a ration
     0 | D:1      | Reached XP level 1. HP: 19/19 MP: 1/1
   106 | D:1      | Reached XP level 2. HP: 9/26 MP: 2/2
   618 | D:1      | Reached XP level 3. HP: 29/33 MP: 3/3
  1470 | D:2      | Reached XP level 4. HP: 32/40 MP: 4/4
  1776 | D:2      | Found a blossoming altar of Fedhas.
  1784 | D:2      | Found a bloodstained altar of Trog.
  2516 | D:3      | Noticed Ijyb
  2557 | D:3      | Killed Ijyb
  2557 | D:3      | Reached XP level 5. HP: 7/49 MP: 5/5
  2841 | D:3      | Noticed Jessica
  2841 | D:3      | Noticed Grinder
  2844 | D:3      | Killed Jessica
  2849 | D:3      | Killed Grinder
  2849 | D:3      | Reached XP level 6. HP: 53/57 MP: 6/6
  3213 | D:3      | Noticed Blork the orc
  3215 | D:3      | Noticed Terence
  3230 | D:3      | Killed Terence
  3256 | D:3      | Killed Blork the orc
  3256 | D:3      | Reached XP level 7. HP: 31/64 MP: 7/7
  3422 | D:3      | Found a deep blue altar of Sif Muna.
  3512 | D:3      | Noticed Sigmund
  3517 | D:3      | Killed Sigmund
  3685 | D:4      | Noticed Robin
  3702 | D:4      | Killed Robin
  4313 | D:4      | Reached XP level 8. HP: 30/73 MP: 8/8
  4845 | D:4      | Reached skill level 5 in Polearms
  5072 | D:4      | Reached skill level 5 in Fighting
  5188 | D:5      | Entered Level 5 of the Dungeon
  5230 | D:5      | Slain by a hornet zombie

Skill      XL: |  1  2  3  4  5  6  7  8 |
---------------+-------------------------+-----
Fighting       | 3 4 5 |  5.0
Polearms       | 3 4 5 |  5.1
Dodging        | 2 3 |  3.9
Shields        | 2 3 4 |  4.0
Crossbows      | |  1.7
Armour         | |  1.0
Stealth        | |  1.5

Action                   |  1- 3 |  4- 6 |  7- 9 || total
-------------------------+-------+-------+-------++-------
Melee: Spear             |   116 |   188 |   212 ||   516
 Abil: Spit Poison       |     8 |    15 |    13 ||    36
Evoke: Wand              |       |     5 |    15 ||    20
  Use: Scroll            |       |     9 |       ||     9
       Potion            |       |       |     3 ||     3
 Stab: Sleeping          |     6 |     6 |     2 ||    14
       Distracted        |     1 |       |       ||     1
       Invisible         |       |       |     1 ||     1
       Paralysed         |       |       |     4 ||     4
  Eat: Chunk             |     2 |     5 |     6 ||    13
Armor: Robe              |    36 |    57 |    62 ||   155
Dodge: Dodged            |    62 |    73 |    75 ||   210
